Oilers vs BlueJackets

Created - January 8 2008 at 19:33

Goals
1 2 3 T
Oilers 3 0 2 5
BlueJackets 1 1 1 3
Shots
1 2 3 T
Oilers 6 7 12 25
BlueJackets 6 7 15 28

Period #1

1. Oilers , Shawn Horcoff 12 (Nicklas Lidstrom) at 3:24
2. BlueJackets , Jason Chimera 5 (Christian Ehrhoff, Steve Rucchin) at 7:08
3. Oilers , Shawn Horcoff 13 (Nicklas Lidstrom, Ryan Smyth) at 8:22
4. Oilers , Radek Dvorak 6 (Steve Staios) at 8:38

Penalties :
Ryan Smyth (EDM) for Roughing (Minor) at 4:41, Raffi Torres (EDM) for Hooking (Minor) at 10:33, Nicklas Lidstrom (EDM) for Hooking (Minor) at 16:10, Petr Sykora (EDM) for Hooking (Minor) at 18:14

Period #2

5. BlueJackets , Jason Chimera 6 (Dan Fritsche, Christian Ehrhoff) at 15:36

Penalties :
Jaroslav Spacek (EDM) for Holding (Minor) at 1:13, Anze Kopitar (CBJ) for Hooking (Minor) at 4:49, Steve Staios (EDM) for Roughing (Minor) at 4:49, Shawn Horcoff (EDM) for Hooking (Minor) at 19:13

Period #3

6. Oilers , Pierre-Marc Bouchard 14 (Alexei Zhitnik, Saku Koivu) at 4:34
7. Oilers , Raffi Torres 6 (Radek Dvorak, Francis Bouillon) at 10:55
8. BlueJackets , Jason Chimera 7 (Steve Rucchin, Dan Fritsche) at 16:20

Penalties :
Ryan Smyth (EDM) for Holding (Minor) at 1:32, Steve Staios (EDM) for Hooking (Minor) at 8:25, Nick Schultz (CBJ) for Hooking (Minor) at 13:38, Saku Koivu (EDM) for Slashing (Minor) at 13:38, Alexei Zhitnik (EDM) for Roughing (Minor) at 13:49, Christian Ehrhoff (CBJ) for High sticking (Minor) at 18:57

Goalie Stats

Dwayne Roloson (EDM), 25 saves from 28 shots - (0.893), W, 22-20-1, 60:00 minutes
Jaroslav Halak (CBJ), 10 saves from 11 shots - (0.909), 15:26 minutes
Niklas Backstrom (CBJ), 10 saves from 14 shots - (0.714), L, 17-18-3, 44:34 minutes

Players Stats

Oilers
Player Name              G  A  P  +/- PIM S  H  SB FO MP 
-----------------------------------------------------------
Alexei Zhitnik           0  1  1   0  2   1  3  0  0  23 
Daniel Tjarnqvist        0  0  0   0  0   0  0  1  0  21 
Ethan Moreau             0  0  0   0  0   1  0  0  2  13 
Fernando Pisani          0  0  0   0  0   0  2  0  1  19 
Francis Bouillon         0  1  1   0  0   1  2  0  0  19 
Jaroslav Spacek          0  0  0   2  2   0  1  0  0  22 
Marty Reasoner           0  0  0   0  0   1  0  0  25 21 
Nicklas Lidstrom         0  2  2   2  2   0  0  3  0  25 
Patrick Thoresen         0  0  0   0  0   0  1  0  1  4  
Petr Sykora              0  0  0   2  2   0  1  0  1  13 
Pierre-Marc Bouchard     1  0  1   0  0   2  2  0  1  14 
Radek Dvorak             1  1  2   0  0   3  2  0  2  15 
Raffi Torres             1  0  1   0  2   5  3  0  1  15 
Ryan Johnson             0  0  0   0  0   1  2  0  20 13 
Ryan Smyth               0  1  1   2  4   2  0  0  0  14 
Saku Koivu               0  1  1   0  2   5  0  0  15 14 
Shawn Horcoff            2  0  2   2  2   3  1  1  21 14 
Steve Staios             0  1  1   0  4   0  0  1  0  16 
BlueJackets
Player Name              G  A  P  +/- PIM S  H  SB FO MP 
-----------------------------------------------------------
Alain Nasreddine         0  0  0  -2  0   1  1  1  0  17 
Anze Kopitar             0  0  0  -1  2   1  1  0  24 20 
Brent Burns              0  0  0  -2  0   1  3  0  0  23 
Christian Ehrhoff        0  2  2   1  2   1  1  1  0  24 
Dan Fritsche             0  2  2   2  0   4  1  0  0  9  
Duvie Westcott           0  0  0  -1  0   0  1  1  0  20 
Erik Christensen         0  0  0  -1  0   2  0  0  2  15 
Fredrik Modin            0  0  0  -2  0   4  1  0  3  22 
Jason Chimera            3  0  3   2  0   3  0  0  2  7  
Jason Smith              0  0  0  -1  0   0  5  1  0  23 
Marc Savard              0  0  0  -1  0   0  2  0  30 20 
Martin St. Louis         0  0  0  -1  0   2  0  0  1  18 
Mike Grier               0  0  0  -2  0   3  4  0  3  15 
Nick Schultz             0  0  0   1  2   0  0  1  0  19 
Patrick O'Sullivan       0  0  0  -2  0   0  1  0  15 14 
Steve Rucchin            0  2  2   2  0   1  0  0  10 10 
Teemu Selanne            0  0  0  -1  0   2  1  0  0  20 
Vyacheslav Kozlov        0  0  0  -1  0   3  0  0  0  18 

3 Stars

1 - Jason Chimera (CBJ)
2 - Shawn Horcoff (EDM)
3 - Radek Dvorak (EDM)

Power Play

Oilers - 0 on 1 Attempt(s) - 0.00%
BlueJackets - 0 on 9 Attempt(s) - 0.00%

Penalty Kill

Oilers - 9 on 9 Attempt(s) - 100.00% - Score 0 goal in Penalty Kill
BlueJackets - 1 on 1 Attempt(s) - 100.00% - Score 0 goal in Penalty Kill

Game Notes

Jaroslav Halak enters game at 4:34 of 3rd period
Jason Chimera has scored a Hat Trick!

Finance

Level 1 -- Attendance: 5212 (86.86%) -- Ticket Income $469,080.00
Level 2 -- Attendance: 4521 (90.41%) -- Ticket Income $226,050.00
Level 3 -- Attendance: 1802 (90.09%) -- Ticket Income $45,050.00
Level 4 -- Attendance: 3793 (94.82%) -- Ticket Income $37,930.00
Luxury Box -- Attendance: 874 (87.36%) -- Ticket Income $174,800.00
Game was played at the Nationwide Arena
Total Attendance: 16202 (87.58%)
Total Ticket Income: $999,745.60
Other Income: $152,462.10
Total Income: $1,152,208.00


Play by Play

Period #1

0:01 of 1st period - Marc Savard wins face-off versus Shawn Horcoff in neutral zone.
0:01 of 1st period - Marc Savard is hit by Shawn Horcoff.
0:05 of 1st period - Shot by Teemu Selanne.
0:05 of 1st period - Stopped by Dwayne Roloson without a rebound.
0:06 of 1st period - Anze Kopitar wins face-off versus Pierre-Marc Bouchard in Oilers zone.
0:24 of 1st period - Vyacheslav Kozlov is hit by Alexei Zhitnik and loses puck.
0:40 of 1st period - Pierre-Marc Bouchard is hit by Jason Smith and loses puck.
3:08 of 1st period - Shot by Pierre-Marc Bouchard.
3:08 of 1st period - Stopped by Niklas Backstrom without a rebound.
3:09 of 1st period - Anze Kopitar wins face-off versus Petr Sykora in BlueJackets zone.
3:24 of 1st period - Shot by Shawn Horcoff.
3:24 of 1st period - Goal by Shawn Horcoff - Oilers : 1 - BlueJackets : 0.
3:25 of 1st period - Erik Christensen wins face-off versus Ryan Johnson in neutral zone.
3:38 of 1st period - Icing by Erik Christensen.
3:39 of 1st period - Marty Reasoner wins face-off versus Marc Savard in BlueJackets zone.
3:56 of 1st period - Shot by Radek Dvorak.
3:56 of 1st period - Shot Blocked by Christian Ehrhoff.
4:18 of 1st period - Shot by Raffi Torres.
4:18 of 1st period - Shot Blocked by Duvie Westcott.
4:41 of 1st period - Minor Penalty to Ryan Smyth for Roughing.
4:42 of 1st period - Ryan Johnson wins face-off versus Anze Kopitar in BlueJackets zone.
5:11 of 1st period - Shot by Fredrik Modin.
5:11 of 1st period - Stopped by Dwayne Roloson without a rebound.
5:12 of 1st period - Marty Reasoner wins face-off versus Marc Savard in Oilers zone.
5:24 of 1st period - Off-side.
5:25 of 1st period - Ryan Johnson wins face-off versus Marc Savard in neutral zone.
5:28 of 1st period - Duvie Westcott is hit by Ryan Johnson and loses puck.
6:52 of 1st period - Shot by Jason Chimera.
6:52 of 1st period - Shot Misses the Net.
6:54 of 1st period - Shot by Dan Fritsche.
6:54 of 1st period - Stopped by Dwayne Roloson with a rebound.
7:06 of 1st period - Shot by Christian Ehrhoff.
7:06 of 1st period - Shot Misses the Net.
7:08 of 1st period - Shot by Jason Chimera.
7:08 of 1st period - Goal by Jason Chimera - Oilers : 1 - BlueJackets : 1.
7:09 of 1st period - Saku Koivu wins face-off versus Patrick O'Sullivan in neutral zone.
7:14 of 1st period - Shot by Fernando Pisani.
7:14 of 1st period - Shot Misses the Net.
7:44 of 1st period - Shot by Pierre-Marc Bouchard.
7:44 of 1st period - Shot Blocked by Alain Nasreddine.
7:48 of 1st period - Shot by Saku Koivu.
7:48 of 1st period - Deflect By Fernando Pisani.
7:48 of 1st period - Shot Misses the Net.
7:50 of 1st period - Shot by Fernando Pisani.
7:50 of 1st period - Shot Misses the Net.
8:22 of 1st period - Shot by Shawn Horcoff.
8:22 of 1st period - Goal by Shawn Horcoff - Oilers : 2 - BlueJackets : 1.
8:23 of 1st period - Marty Reasoner wins face-off versus Marc Savard in neutral zone.
8:38 of 1st period - Shot by Radek Dvorak.
8:38 of 1st period - Goal by Radek Dvorak - Oilers : 3 - BlueJackets : 1.
8:39 of 1st period - Anze Kopitar wins face-off versus Ryan Johnson in neutral zone.
8:46 of 1st period - Shot by Vyacheslav Kozlov.
8:46 of 1st period - Shot Misses the Net.
8:48 of 1st period - Shot by Anze Kopitar.
8:48 of 1st period - Shot Misses the Net.
8:50 of 1st period - Shot by Anze Kopitar.
8:50 of 1st period - Shot Misses the Net.
9:17 of 1st period - Icing by Jason Smith.
9:18 of 1st period - Anze Kopitar wins face-off versus Marty Reasoner in BlueJackets zone.
9:32 of 1st period - Radek Dvorak is hit by Jason Smith and loses puck.
9:35 of 1st period - Shot by Marty Reasoner.
9:35 of 1st period - Shot Misses the Net.
9:37 of 1st period - Shot by Francis Bouillon.
9:37 of 1st period - Stopped by Niklas Backstrom without a rebound.
9:38 of 1st period - Marc Savard wins face-off versus Saku Koivu in BlueJackets zone.
9:51 of 1st period - Shot by Saku Koivu.
9:51 of 1st period - Shot Misses the Net.
10:31 of 1st period - Marc Savard is hit by Raffi Torres and loses puck.
10:33 of 1st period - Minor Penalty to Raffi Torres for Hooking.
10:34 of 1st period - Anze Kopitar wins face-off versus Ryan Johnson in neutral zone.
10:45 of 1st period - Shot by Fredrik Modin.
10:45 of 1st period - Stopped by Dwayne Roloson without a rebound.
10:46 of 1st period - Ryan Johnson wins face-off versus Martin St. Louis in Oilers zone.
11:27 of 1st period - Off-side.
11:28 of 1st period - Marc Savard wins face-off versus Marty Reasoner in neutral zone.
11:57 of 1st period - Shot by Vyacheslav Kozlov.
11:57 of 1st period - Shot Misses the Net.
12:59 of 1st period - Icing by Francis Bouillon.
13:00 of 1st period - Marty Reasoner wins face-off versus Patrick O'Sullivan in Oilers zone.
13:16 of 1st period - Shot by Patrick O'Sullivan.
13:16 of 1st period - Shot Misses the Net.
14:33 of 1st period - Shot by Teemu Selanne.
14:33 of 1st period - Stopped by Dwayne Roloson without a rebound.
14:34 of 1st period - Ethan Moreau wins face-off versus Anze Kopitar in Oilers zone.
15:03 of 1st period - Shot by Patrick Thoresen.
15:03 of 1st period - Deflect By Ethan Moreau.
15:03 of 1st period - Stopped by Niklas Backstrom without a rebound.
15:04 of 1st period - Raffi Torres wins face-off versus Patrick O'Sullivan in BlueJackets zone.
15:26 of 1st period - Shot by Fredrik Modin.
15:26 of 1st period - Shot Misses the Net.
16:00 of 1st period - Shot by Nicklas Lidstrom.
16:00 of 1st period - Shot Misses the Net.
16:07 of 1st period - Icing by Nicklas Lidstrom.
16:08 of 1st period - Shawn Horcoff wins face-off versus Marc Savard in Oilers zone.
16:10 of 1st period - Minor Penalty to Nicklas Lidstrom for Hooking.
16:11 of 1st period - Marty Reasoner wins face-off versus Anze Kopitar in Oilers zone.
16:39 of 1st period - Shot by Martin St. Louis.
16:39 of 1st period - Shot Misses the Net.
17:01 of 1st period - Icing by Nick Schultz.
17:02 of 1st period - Marc Savard wins face-off versus Ryan Johnson in BlueJackets zone.
17:07 of 1st period - Shot by Teemu Selanne.
17:07 of 1st period - Shot Misses the Net.
17:09 of 1st period - Shot by Nick Schultz.
17:09 of 1st period - Shot Misses the Net.
18:14 of 1st period - Minor Penalty to Petr Sykora for Hooking.
18:15 of 1st period - Marty Reasoner wins face-off versus Anze Kopitar in BlueJackets zone.

Period #2

0:01 of 2nd period - Ryan Johnson wins face-off versus Marc Savard in neutral zone.
0:25 of 2nd period - Off-side.
0:26 of 2nd period - Marty Reasoner wins face-off versus Patrick O'Sullivan in neutral zone.
0:28 of 2nd period - Radek Dvorak is hit by Mike Grier and loses puck.
0:33 of 2nd period - Fredrik Modin is hit by Raffi Torres and loses puck.
0:45 of 2nd period - Radek Dvorak is hit by Alain Nasreddine and loses puck.
1:02 of 2nd period - Shot by Marty Reasoner.
1:02 of 2nd period - Shot Misses the Net.
1:04 of 2nd period - Shot by Radek Dvorak.
1:04 of 2nd period - Stopped by Niklas Backstrom without a rebound.
1:05 of 2nd period - Shawn Horcoff wins face-off versus Marc Savard in BlueJackets zone.
1:05 of 2nd period - Ryan Smyth is hit by Brent Burns and loses puck.
1:13 of 2nd period - Minor Penalty to Jaroslav Spacek for Holding.
1:14 of 2nd period - Anze Kopitar wins face-off versus Ryan Johnson in Oilers zone.
1:49 of 2nd period - Shot by Brent Burns.
1:49 of 2nd period - Shot Misses the Net.
1:53 of 2nd period - Shot by Fredrik Modin.
1:53 of 2nd period - Shot Hit the Post.
1:55 of 2nd period - Shot by Fredrik Modin.
1:55 of 2nd period - Stopped by Dwayne Roloson without a rebound.
1:56 of 2nd period - Marc Savard wins face-off versus Ethan Moreau in Oilers zone.
2:52 of 2nd period - Off-side.
2:53 of 2nd period - Anze Kopitar wins face-off versus Marty Reasoner in neutral zone.
3:18 of 2nd period - Icing by Dan Fritsche.
3:19 of 2nd period - Shawn Horcoff wins face-off versus Steve Rucchin in BlueJackets zone.
3:24 of 2nd period - Shot by Ryan Smyth.
3:24 of 2nd period - Stopped by Niklas Backstrom with a rebound.
3:29 of 2nd period - Off-side.
3:30 of 2nd period - Jason Chimera wins face-off versus Saku Koivu in neutral zone.
3:37 of 2nd period - Icing by Fernando Pisani.
3:38 of 2nd period - Marc Savard wins face-off versus Saku Koivu in Oilers zone.
4:20 of 2nd period - Icing by Alexei Zhitnik.
4:21 of 2nd period - Saku Koivu wins face-off versus Anze Kopitar in Oilers zone.
4:49 of 2nd period - Minor Penalty to Anze Kopitar for Hooking.
4:49 of 2nd period - Minor Penalty to Steve Staios for Roughing.
4:50 of 2nd period - Steve Rucchin wins face-off versus Shawn Horcoff in Oilers zone.
4:50 of 2nd period - Steve Rucchin is hit by Francis Bouillon.
4:55 of 2nd period - Dan Fritsche is hit by Francis Bouillon and loses puck.
4:58 of 2nd period - Shot by Dan Fritsche.
4:58 of 2nd period - Stopped by Dwayne Roloson without a rebound.
4:59 of 2nd period - Shawn Horcoff wins face-off versus Steve Rucchin in Oilers zone.
6:37 of 2nd period - Icing by Brent Burns.
6:38 of 2nd period - Fredrik Modin wins face-off versus Shawn Horcoff in BlueJackets zone.
6:45 of 2nd period - Shot by Petr Sykora.
6:45 of 2nd period - Shot Misses the Net.
6:47 of 2nd period - Shot by Shawn Horcoff.
6:47 of 2nd period - Shot Blocked by Jason Smith.
6:51 of 2nd period - Shot by Raffi Torres.
6:51 of 2nd period - Shot Misses the Net.
6:55 of 2nd period - Shot by Raffi Torres.
6:55 of 2nd period - Stopped by Niklas Backstrom without a rebound.
6:56 of 2nd period - Erik Christensen wins face-off versus Radek Dvorak in BlueJackets zone.
7:17 of 2nd period - Shot by Raffi Torres.
7:17 of 2nd period - Stopped by Niklas Backstrom without a rebound.
7:18 of 2nd period - Shawn Horcoff wins face-off versus Patrick O'Sullivan in BlueJackets zone.
7:18 of 2nd period - Nicklas Lidstrom is hit by Christian Ehrhoff and loses puck.
10:10 of 2nd period - Shawn Horcoff is hit by Marc Savard and loses puck.
11:07 of 2nd period - Icing by Fredrik Modin.
11:08 of 2nd period - Steve Rucchin wins face-off versus Marty Reasoner in BlueJackets zone.
11:13 of 2nd period - Shot by Dan Fritsche.
11:13 of 2nd period - Shot Misses the Net.
11:15 of 2nd period - Shot by Dan Fritsche.
11:15 of 2nd period - Stopped by Dwayne Roloson without a rebound.
11:16 of 2nd period - Saku Koivu wins face-off versus Mike Grier in Oilers zone.
11:16 of 2nd period - Pierre-Marc Bouchard is hit by Fredrik Modin and loses puck.
11:30 of 2nd period - Fredrik Modin is hit by Pierre-Marc Bouchard.
11:31 of 2nd period - Icing by Fredrik Modin.
11:32 of 2nd period - Patrick O'Sullivan wins face-off versus Marty Reasoner in BlueJackets zone.
11:34 of 2nd period - Icing by Fredrik Modin.
11:35 of 2nd period - Patrick O'Sullivan wins face-off versus Marty Reasoner in BlueJackets zone.
11:35 of 2nd period - Patrick O'Sullivan is hit by Radek Dvorak.
11:41 of 2nd period - Francis Bouillon is hit by Mike Grier and loses puck.
13:19 of 2nd period - Shot by Saku Koivu.
13:19 of 2nd period - Stopped by Niklas Backstrom without a rebound.
13:20 of 2nd period - Patrick Thoresen wins face-off versus Steve Rucchin in BlueJackets zone.
14:28 of 2nd period - Steve Staios is hit by Mike Grier and loses puck.
14:56 of 2nd period - Icing by Raffi Torres.
14:57 of 2nd period - Marty Reasoner wins face-off versus Marc Savard in Oilers zone.
14:57 of 2nd period - Marty Reasoner is hit by Teemu Selanne.
15:08 of 2nd period - Radek Dvorak is hit by Jason Smith and loses puck.
15:12 of 2nd period - Icing by Jason Smith.
15:13 of 2nd period - Saku Koivu wins face-off versus Marc Savard in BlueJackets zone.
15:13 of 2nd period - Saku Koivu is hit by Jason Smith.
15:21 of 2nd period - Shot by Saku Koivu.
15:21 of 2nd period - Stopped by Niklas Backstrom without a rebound.
15:22 of 2nd period - Steve Rucchin wins face-off versus Shawn Horcoff in BlueJackets zone.
15:24 of 2nd period - Icing by Christian Ehrhoff.
15:25 of 2nd period - Jason Chimera wins face-off versus Fernando Pisani in BlueJackets zone.
15:34 of 2nd period - Shot by Dan Fritsche.
15:34 of 2nd period - Shot Misses the Net.
15:36 of 2nd period - Shot by Jason Chimera.
15:36 of 2nd period - Goal by Jason Chimera - Oilers : 3 - BlueJackets : 2.
15:37 of 2nd period - Patrick O'Sullivan wins face-off versus Shawn Horcoff in neutral zone.
15:50 of 2nd period - Shot by Mike Grier.
15:50 of 2nd period - Shot Misses the Net.
15:52 of 2nd period - Shot by Mike Grier.
15:52 of 2nd period - Stopped by Dwayne Roloson without a rebound.
15:53 of 2nd period - Saku Koivu wins face-off versus Marc Savard in Oilers zone.
16:08 of 2nd period - Teemu Selanne is hit by Fernando Pisani and loses puck.
16:38 of 2nd period - Off-side.
16:39 of 2nd period - Marty Reasoner wins face-off versus Anze Kopitar in neutral zone.
16:47 of 2nd period - Shot by Raffi Torres.
16:47 of 2nd period - Shot Misses the Net.
16:51 of 2nd period - Shot by Radek Dvorak.
16:51 of 2nd period - Deflect By Raffi Torres.
16:51 of 2nd period - Stopped by Niklas Backstrom without a rebound.
16:52 of 2nd period - Patrick O'Sullivan wins face-off versus Shawn Horcoff in BlueJackets zone.
18:00 of 2nd period - Shot by Vyacheslav Kozlov.
18:00 of 2nd period - Stopped by Dwayne Roloson without a rebound.
18:01 of 2nd period - Marc Savard wins face-off versus Saku Koivu in Oilers zone.
19:06 of 2nd period - Shot by Vyacheslav Kozlov.
19:06 of 2nd period - Stopped by Dwayne Roloson without a rebound.
19:07 of 2nd period - Shawn Horcoff wins face-off versus Steve Rucchin in Oilers zone.
19:07 of 2nd period - Shawn Horcoff is hit by Dan Fritsche.
19:13 of 2nd period - Minor Penalty to Shawn Horcoff for Hooking.
19:14 of 2nd period - Ryan Johnson wins face-off versus Anze Kopitar in BlueJackets zone.
19:14 of 2nd period - Ryan Johnson is hit by Brent Burns.

Period #3

0:01 of 3rd period - Ryan Johnson wins face-off versus Marc Savard in neutral zone.
0:09 of 3rd period - Icing by Marc Savard.
0:10 of 3rd period - Ryan Johnson wins face-off versus Marc Savard in BlueJackets zone.
0:22 of 3rd period - Icing by Vyacheslav Kozlov.
0:23 of 3rd period - Marty Reasoner wins face-off versus Marc Savard in BlueJackets zone.
0:23 of 3rd period - Alexei Zhitnik is hit by Duvie Westcott and loses puck.
0:42 of 3rd period - Off-side.
0:43 of 3rd period - Marty Reasoner wins face-off versus Anze Kopitar in neutral zone.
1:04 of 3rd period - Shot by Martin St. Louis.
1:04 of 3rd period - Shot Misses the Net.
1:08 of 3rd period - Shot by Martin St. Louis.
1:08 of 3rd period - Stopped by Dwayne Roloson with a rebound.
1:32 of 3rd period - Minor Penalty to Ryan Smyth for Holding.
1:33 of 3rd period - Ryan Johnson wins face-off versus Marc Savard in BlueJackets zone.
2:57 of 3rd period - Shot by Anze Kopitar.
2:57 of 3rd period - Stopped by Dwayne Roloson without a rebound.
2:58 of 3rd period - Marc Savard wins face-off versus Marty Reasoner in Oilers zone.
2:59 of 3rd period - Shot by Vyacheslav Kozlov.
2:59 of 3rd period - Stopped by Dwayne Roloson without a rebound.
3:00 of 3rd period - Marty Reasoner wins face-off versus Marc Savard in Oilers zone.
3:35 of 3rd period - Francis Bouillon is hit by Jason Smith and loses puck.
4:08 of 3rd period - Shot by Jason Chimera.
4:08 of 3rd period - Shot Misses the Net.
4:12 of 3rd period - Shot by Steve Rucchin.
4:12 of 3rd period - Stopped by Dwayne Roloson with a rebound.
4:19 of 3rd period - Icing by Steve Staios.
4:20 of 3rd period - Mike Grier wins face-off versus Marty Reasoner in Oilers zone.
4:21 of 3rd period - Shot by Fredrik Modin.
4:21 of 3rd period - Stopped by Dwayne Roloson without a rebound.
4:22 of 3rd period - Saku Koivu wins face-off versus Patrick O'Sullivan in Oilers zone.
4:22 of 3rd period - Saku Koivu is hit by Patrick O'Sullivan.
4:34 of 3rd period - Shot by Pierre-Marc Bouchard.
4:34 of 3rd period - Goal by Pierre-Marc Bouchard - Oilers : 4 - BlueJackets : 2.
4:34 of 3rd period - Jaroslav Halak enters game.
4:35 of 3rd period - Marc Savard wins face-off versus Shawn Horcoff in neutral zone.
4:43 of 3rd period - Off-side.
4:44 of 3rd period - Fredrik Modin wins face-off versus Saku Koivu in neutral zone.
5:23 of 3rd period - Shot by Saku Koivu.
5:23 of 3rd period - Stopped by Jaroslav Halak without a rebound.
5:24 of 3rd period - Anze Kopitar wins face-off versus Shawn Horcoff in BlueJackets zone.
5:37 of 3rd period - Shot by Martin St. Louis.
5:37 of 3rd period - Stopped by Dwayne Roloson with a rebound.
6:09 of 3rd period - Shot by Ryan Smyth.
6:09 of 3rd period - Stopped by Jaroslav Halak without a rebound.
6:10 of 3rd period - Marc Savard wins face-off versus Marty Reasoner in BlueJackets zone.
6:17 of 3rd period - Shot by Erik Christensen.
6:17 of 3rd period - Stopped by Dwayne Roloson with a rebound.
6:19 of 3rd period - Shot by Christian Ehrhoff.
6:19 of 3rd period - Shot Misses the Net.
6:36 of 3rd period - Off-side.
6:37 of 3rd period - Saku Koivu wins face-off versus Patrick O'Sullivan in neutral zone.
7:08 of 3rd period - Patrick O'Sullivan is hit by Alexei Zhitnik and loses puck.
7:24 of 3rd period - Pierre-Marc Bouchard is hit by Mike Grier and loses puck.
8:05 of 3rd period - Shot by Shawn Horcoff.
8:05 of 3rd period - Stopped by Jaroslav Halak without a rebound.
8:06 of 3rd period - Anze Kopitar wins face-off versus Radek Dvorak in BlueJackets zone.
8:25 of 3rd period - Minor Penalty to Steve Staios for Hooking.
8:26 of 3rd period - Ryan Johnson wins face-off versus Anze Kopitar in Oilers zone.
8:33 of 3rd period - Shot by Brent Burns.
8:33 of 3rd period - Stopped by Dwayne Roloson without a rebound.
8:34 of 3rd period - Ryan Johnson wins face-off versus Marc Savard in Oilers zone.
8:40 of 3rd period - Icing by Marc Savard.
8:41 of 3rd period - Marc Savard wins face-off versus Ryan Johnson in BlueJackets zone.
8:55 of 3rd period - Christian Ehrhoff is hit by Alexei Zhitnik and loses puck.
9:08 of 3rd period - Shot by Christian Ehrhoff.
9:08 of 3rd period - Stopped by Dwayne Roloson without a rebound.
9:09 of 3rd period - Anze Kopitar wins face-off versus Ryan Johnson in Oilers zone.
10:17 of 3rd period - Shot by Vyacheslav Kozlov.
10:17 of 3rd period - Shot Misses the Net.
10:55 of 3rd period - Shot by Raffi Torres.
10:55 of 3rd period - Goal by Raffi Torres - Oilers : 5 - BlueJackets : 2.
10:56 of 3rd period - Patrick O'Sullivan wins face-off versus Shawn Horcoff in neutral zone.
11:02 of 3rd period - Fredrik Modin is hit by Jaroslav Spacek and loses puck.
11:11 of 3rd period - Shot by Patrick O'Sullivan.
11:11 of 3rd period - Shot Blocked by Shawn Horcoff.
11:13 of 3rd period - Shot by Alain Nasreddine.
11:13 of 3rd period - Shot Misses the Net.
11:15 of 3rd period - Shot by Alain Nasreddine.
11:15 of 3rd period - Stopped by Dwayne Roloson with a rebound.
11:17 of 3rd period - Shot by Duvie Westcott.
11:17 of 3rd period - Shot Blocked by Nicklas Lidstrom.
11:19 of 3rd period - Shot by Fredrik Modin.
11:19 of 3rd period - Shot Misses the Net.
11:23 of 3rd period - Shot by Fredrik Modin.
11:23 of 3rd period - Shot Blocked by Nicklas Lidstrom.
11:25 of 3rd period - Shot by Mike Grier.
11:25 of 3rd period - Stopped by Dwayne Roloson without a rebound.
11:26 of 3rd period - Saku Koivu wins face-off versus Anze Kopitar in Oilers zone.
11:26 of 3rd period - Saku Koivu is hit by Anze Kopitar.
12:00 of 3rd period - Shot by Fernando Pisani.
12:00 of 3rd period - Shot Misses the Net.
12:02 of 3rd period - Shot by Alexei Zhitnik.
12:02 of 3rd period - Stopped by Jaroslav Halak with a rebound.
12:06 of 3rd period - Shot by Saku Koivu.
12:06 of 3rd period - Stopped by Jaroslav Halak without a rebound.
12:07 of 3rd period - Marc Savard wins face-off versus Marty Reasoner in BlueJackets zone.
12:07 of 3rd period - Marc Savard is hit by Raffi Torres.
12:18 of 3rd period - Raffi Torres is hit by Marc Savard and loses puck.
12:34 of 3rd period - Radek Dvorak is hit by Brent Burns and loses puck.
12:43 of 3rd period - Shot by Francis Bouillon.
12:43 of 3rd period - Shot Misses the Net.
12:45 of 3rd period - Shot by Radek Dvorak.
12:45 of 3rd period - Stopped by Jaroslav Halak without a rebound.
12:46 of 3rd period - Shawn Horcoff wins face-off versus Patrick O'Sullivan in BlueJackets zone.
13:23 of 3rd period - Shot by Mike Grier.
13:23 of 3rd period - Stopped by Dwayne Roloson with a rebound.
13:38 of 3rd period - Minor Penalty to Nick Schultz for Hooking.
13:38 of 3rd period - Minor Penalty to Saku Koivu for Slashing.
13:39 of 3rd period - Steve Rucchin wins face-off versus Marty Reasoner in BlueJackets zone.
13:46 of 3rd period - Shot by Dan Fritsche.
13:46 of 3rd period - Shot Misses the Net.
13:49 of 3rd period - Minor Penalty to Alexei Zhitnik for Roughing.
13:50 of 3rd period - Shawn Horcoff wins face-off versus Anze Kopitar in Oilers zone.
14:03 of 3rd period - Shot by Anze Kopitar.
14:03 of 3rd period - Shot Blocked by Daniel Tjarnqvist.
14:11 of 3rd period - Shot by Erik Christensen.
14:11 of 3rd period - Stopped by Dwayne Roloson without a rebound.
14:12 of 3rd period - Ryan Johnson wins face-off versus Steve Rucchin in Oilers zone.
14:41 of 3rd period - Shot by Steve Rucchin.
14:41 of 3rd period - Shot Misses the Net.
14:43 of 3rd period - Shot by Dan Fritsche.
14:43 of 3rd period - Stopped by Dwayne Roloson without a rebound.
14:44 of 3rd period - Shawn Horcoff wins face-off versus Anze Kopitar in Oilers zone.
14:50 of 3rd period - Icing by Erik Christensen.
14:51 of 3rd period - Anze Kopitar wins face-off versus Shawn Horcoff in BlueJackets zone.
15:10 of 3rd period - Shot by Anze Kopitar.
15:10 of 3rd period - Shot Misses the Net.
15:22 of 3rd period - Anze Kopitar is hit by Ryan Johnson and loses puck.
15:39 of 3rd period - Christian Ehrhoff is hit by Fernando Pisani and loses puck.
15:58 of 3rd period - Shot by Radek Dvorak.
15:58 of 3rd period - Deflect By Raffi Torres.
15:58 of 3rd period - Shot Blocked by Nick Schultz.
16:14 of 3rd period - Shot by Dan Fritsche.
16:14 of 3rd period - Shot Blocked by Steve Staios.
16:16 of 3rd period - Shot by Christian Ehrhoff.
16:16 of 3rd period - Shot Misses the Net.
16:18 of 3rd period - Shot by Dan Fritsche.
16:18 of 3rd period - Shot Misses the Net.
16:20 of 3rd period - Shot by Steve Rucchin.
16:20 of 3rd period - Deflect By Jason Chimera.
16:20 of 3rd period - Goal by Jason Chimera - Oilers : 5 - BlueJackets : 3.
16:21 of 3rd period - Ryan Johnson wins face-off versus Mike Grier in neutral zone.
16:30 of 3rd period - Shot by Ryan Johnson.
16:30 of 3rd period - Stopped by Jaroslav Halak without a rebound.
16:31 of 3rd period - Saku Koivu wins face-off versus Patrick O'Sullivan in BlueJackets zone.
17:06 of 3rd period - Alain Nasreddine is hit by Pierre-Marc Bouchard and loses puck.
17:20 of 3rd period - Icing by Duvie Westcott.
17:21 of 3rd period - Marty Reasoner wins face-off versus Patrick O'Sullivan in BlueJackets zone.
17:24 of 3rd period - Shot by Radek Dvorak.
17:24 of 3rd period - Deflect By Marty Reasoner.
17:24 of 3rd period - Stopped by Jaroslav Halak without a rebound.
17:25 of 3rd period - Shawn Horcoff wins face-off versus Marc Savard in BlueJackets zone.
17:36 of 3rd period - Shot by Teemu Selanne.
17:36 of 3rd period - Shot Blocked by Nicklas Lidstrom.
18:00 of 3rd period - Off-side.
18:01 of 3rd period - Anze Kopitar wins face-off versus Marty Reasoner in neutral zone.
18:01 of 3rd period - Anze Kopitar is hit by Radek Dvorak.
18:43 of 3rd period - Shot by Radek Dvorak.
18:43 of 3rd period - Deflect By Raffi Torres.
18:43 of 3rd period - Stopped by Jaroslav Halak without a rebound.
18:44 of 3rd period - Ryan Johnson wins face-off versus Marc Savard in BlueJackets zone.
18:53 of 3rd period - Brent Burns is hit by Patrick Thoresen and loses puck.
18:57 of 3rd period - Minor Penalty to Christian Ehrhoff for High sticking.
18:58 of 3rd period - Saku Koivu wins face-off versus Steve Rucchin in BlueJackets zone.
19:17 of 3rd period - Shot by Saku Koivu.
19:17 of 3rd period - Stopped by Jaroslav Halak without a rebound.
19:18 of 3rd period - Fredrik Modin wins face-off versus Shawn Horcoff in BlueJackets zone.
19:49 of 3rd period - Mike Grier is hit by Petr Sykora and loses puck.


Output by the SimonT Hockey Simulator (STHS) for Stephane Roy -- Original Page W3C XHTML 1.0 Valid